TOP OF THE 1ST |
Fort de France Carnivals batting - Pitching for Puerto Barrios Generals : RHP Tim Burke
|
Pitching: RHP Tim Burke
|
|
Batting: SHB Gary Pettis
|
0-0: Foul Ball, location: 2F 0-1: Foul Ball, location: 2F 0-2: Strikes out swinging
|
Batting: RHB Eddie Vargas
|
0-0: Called Strike 0-1: Ball 1-1: Foul Ball, location: 2F 1-2: Foul Ball, location: 2F 1-2: Strikes out looking
|
Batting: RHB Ramiro Gutierrez
|
0-0: Ball 1-0: Ball 2-0: Ball 3-0: Called Strike 3-1: DOUBLE (Flyball, 8RXD, EV 93.1 MPH)
|
Batting: LHB Omar Guerrero
|
0-0: Ball 1-0: Swinging Strike 1-1: Ball 2-1: Foul Ball, location: 2F 2-2: Ground out 4-3 (Groundball, 4S, EV 73.8 MPH)
|
Top of the 1st over - 0 runs, 1 hit, 0 errors, 1 left on base; Fort de France 0 - Puerto Barrios 0 |
BOTTOM OF THE 1ST |
Puerto Barrios Generals batting - Pitching for Fort de France Carnivals : LHP Frank DiPino
|
Pitching: LHP Frank DiPino
|
|
Batting: SHB Vince Coleman
|
0-0: Ball 1-0: Swinging Strike 1-1: Swinging Strike 1-2: Foul Ball, location: 2F 1-2: Strikes out swinging
|
Batting: LHB Andy Guerrero
|
0-0: SINGLE (Line Drive, 4M, EV 107.5 MPH)
|
Batting: LHB Ty Gainey
|
0-0: Called Strike 0-1: Ball 1-1: Ball 2-1: Called Strike 2-2: Fly out, F7 (Line Drive, 7, EV 106.9 MPH)
|
Batting: LHB Randy Bush
|
0-0: Ball 1-0: Foul Ball, location: 2F 1-1: Ball 2-1: Ball 3-1: Fly out, F9 (Flyball, 9LS, EV 93.8 MPH)
|
Bottom of the 1st over - 0 runs, 1 hit, 0 errors, 1 left on base; Fort de France 0 - Puerto Barrios 0 |
TOP OF THE 2ND |
Fort de France Carnivals batting - Pitching for Puerto Barrios Generals : RHP Tim Burke
|
Batting: RHB Dave Stenhouse
|
0-0: Ball 1-0: Ball 2-0: Ball 3-0: Called Strike 3-1: Fly out, F8 (Flyball, 78D, EV 91.3 MPH)
|
Batting: LHB Steve Sbragia
|
0-0: Ball 1-0: Called Strike 1-1: Ball 2-1: Foul Ball, location: 2F 2-2: Fly out, F6 (Flyball, 6D, EV 87.5 MPH)
|
Batting: LHB Mike McCain
|
0-0: Called Strike 0-1: Foul Ball, location: 2F 0-2: Foul Ball, location: 2F 0-2: Ground out U3 (Groundball, 3S, EV 84.4 MPH)
|
Top of the 2nd over - 0 runs, 0 hits, 0 errors, 0 left on base; Fort de France 0 - Puerto Barrios 0 |
BOTTOM OF THE 2ND |
Puerto Barrios Generals batting - Pitching for Fort de France Carnivals : LHP Frank DiPino
|
Batting: RHB Mike Diaz
|
0-0: Ball 1-0: Called Strike 1-1: Ball 2-1: Ground out 5-3 (Groundball, 56S, EV 80.0 MPH)
|
Batting: LHB Pedro Rabassa
|
0-0: Called Strike 0-1: Foul Ball, location: 2F 0-2: Strikes out swinging
|
Batting: SHB Doug Baker
|
0-0: Foul Ball, location: 2F 0-1: Ball 1-1: Swinging Strike 1-2: Ball 2-2: Foul Ball, location: 2F 2-2: Ball 3-2: Strikes out swinging
|
Bottom of the 2nd over - 0 runs, 0 hits, 0 errors, 0 left on base; Fort de France 0 - Puerto Barrios 0 |
TOP OF THE 3RD |
Fort de France Carnivals batting - Pitching for Puerto Barrios Generals : RHP Tim Burke
|
Batting: RHB Julio Collazo
|
0-0: Foul Ball, location: 2F 0-1: Foul Ball, location: 2F 0-2: Ball 1-2: Strikes out looking
|
Batting: RHB Mario Diaz
|
0-0: Ball 1-0: Called Strike 1-1: Ball 2-1: Foul Ball, location: 2F 2-2: Foul Ball, location: 2F 2-2: Strikes out swinging
|
Batting: SHB Gary Pettis
|
0-0: Ball 1-0: Called Strike 1-1: Ground out U3 (Groundball, 3L, EV 88.8 MPH)
|
Top of the 3rd over - 0 runs, 0 hits, 0 errors, 0 left on base; Fort de France 0 - Puerto Barrios 0 |
BOTTOM OF THE 3RD |
Puerto Barrios Generals batting - Pitching for Fort de France Carnivals : LHP Frank DiPino
|
Batting: RHB Mark Sproesser
|
0-0: Foul Ball, location: 2F 0-1: Ground out 5-3 (Groundball, 56S, EV 88.1 MPH)
|
Batting: LHB Alex Mata
|
0-0: Called Strike 0-1: Called Strike 0-2: Ball 1-2: Ball 2-2: Ground out 5-3 (Groundball, 56, EV 112.5 MPH)
|
Batting: SHB Vince Coleman
|
0-0: Called Strike 0-1: Ball 1-1: Ball 2-1: Fly out, F7 (Flyball, 7LD, EV 75.6 MPH)
|
Bottom of the 3rd over - 0 runs, 0 hits, 0 errors, 0 left on base; Fort de France 0 - Puerto Barrios 0 |
TOP OF THE 4TH |
Fort de France Carnivals batting - Pitching for Puerto Barrios Generals : RHP Tim Burke
|
Batting: RHB Eddie Vargas
|
0-0: Ball 1-0: Called Strike 1-1: SINGLE (Line Drive, 8LS, EV 108.8 MPH)
|
Batting: RHB Ramiro Gutierrez
|
0-0: Ball 1-0: Foul Ball, location: 2F 1-1: Swinging Strike 1-2: Ball 2-2: Strikes out swinging
|
Batting: LHB Omar Guerrero
|
0-0: Ball 1-0: Called Strike 1-1: Ball 2-1: Called Strike 2-2: Strikes out swinging
|
Batting: RHB Dave Stenhouse
|
0-0: Called Strike 0-1: Fielders Choice at 2nd, 6-4 (Groundball, 6, EV 81.3 MPH)
|
Top of the 4th over - 0 runs, 1 hit, 0 errors, 1 left on base; Fort de France 0 - Puerto Barrios 0 |
BOTTOM OF THE 4TH |
Puerto Barrios Generals batting - Pitching for Fort de France Carnivals : LHP Frank DiPino
|
Batting: LHB Andy Guerrero
|
0-0: Ball 1-0: Bunted foul 1-1: Foul Ball, location: 2F 1-2: Ground out 4-3 (Groundball, 4, EV 108.8 MPH)
|
Batting: LHB Ty Gainey
|
0-0: Ball 1-0: Ball 2-0: Ground out 4-3 (Groundball, 4, EV 86.9 MPH)
|
Batting: LHB Randy Bush
|
0-0: Ball 1-0: Called Strike 1-1: Called Strike 1-2: Foul Ball, location: 2F 1-2: Ball 2-2: Ball 3-2: Strikes out swinging
|
Bottom of the 4th over - 0 runs, 0 hits, 0 errors, 0 left on base; Fort de France 0 - Puerto Barrios 0 |
TOP OF THE 5TH |
Fort de France Carnivals batting - Pitching for Puerto Barrios Generals : RHP Tim Burke
|
Batting: LHB Steve Sbragia
|
0-0: Ball 1-0: Ball 2-0: Hit by Pitch
|
Batting: LHB Mike McCain
|
0-0: Fly out, F7 (Flyball, 78M, EV 95.6 MPH)
|
Batting: RHB Julio Collazo
|
0-0: Ball 1-0: Called Strike 1-1: Swinging Strike 1-2: Fly out, F9 (Flyball, 9, EV 88.8 MPH)
|
Batting: RHB Mario Diaz
|
0-0: Ball 1-0: Foul Ball, location: 2F 1-1: Foul Ball, location: 2F 1-2: Fielders Choice at 2nd, 6-4 (Groundball, 56, EV 105.6 MPH)
|
Top of the 5th over - 0 runs, 0 hits, 0 errors, 1 left on base; Fort de France 0 - Puerto Barrios 0 |
BOTTOM OF THE 5TH |
Puerto Barrios Generals batting - Pitching for Fort de France Carnivals : LHP Frank DiPino
|
Batting: RHB Mike Diaz
|
0-0: Ball 1-0: Ball 2-0: Fly out, F8 (Flyball, 8RS, EV 94.4 MPH)
|
Batting: LHB Pedro Rabassa
|
0-0: Ball 1-0: Called Strike 1-1: Swinging Strike 1-2: Ball 2-2: Strikes out looking
|
Batting: SHB Doug Baker
|
0-0: Ball 1-0: Ball 2-0: Called Strike 2-1: Swinging Strike 2-2: Strikes out swinging
|
Bottom of the 5th over - 0 runs, 0 hits, 0 errors, 0 left on base; Fort de France 0 - Puerto Barrios 0 |
TOP OF THE 6TH |
Fort de France Carnivals batting - Pitching for Puerto Barrios Generals : RHP Tim Burke
|
Batting: SHB Gary Pettis
|
0-0: Ground out 4-3 (Groundball, 4, EV 91.3 MPH)
|
Batting: RHB Eddie Vargas
|
0-0: SINGLE (Groundball, 13S, EV 65.6 MPH) (infield hit)
|
Batting: RHB Ramiro Gutierrez
|
0-0: Ball 1-0: Foul Ball, location: 2F 1-1: Ball 2-1: Swinging Strike 2-2: Grounds into double play, 6-4-3 (Groundball, 6, EV 101.3 MPH)
|
Top of the 6th over - 0 runs, 1 hit, 0 errors, 0 left on base; Fort de France 0 - Puerto Barrios 0 |
BOTTOM OF THE 6TH |
Puerto Barrios Generals batting - Pitching for Fort de France Carnivals : LHP Frank DiPino
|
Batting: RHB Mark Sproesser
|
0-0: Ball 1-0: Foul Ball, location: 2F 1-1: SINGLE (Groundball, 34D, EV 99.4 MPH)
|
Batting: LHB Alex Mata
|
0-0: Called Strike 0-1: Ball 1-1: Swinging Strike 1-2: Strikes out swinging
|
Batting: SHB Vince Coleman
|
0-0: Foul Ball, location: 2F 0-1: Foul Ball, location: 2F 0-2: Foul Ball, location: 2F 0-2: Fly out, F9 (Flyball, 9, EV 87.5 MPH)
|
Batting: LHB Andy Guerrero
|
0-0: Ball 1-0: Ball 2-0: Ball 3-0: Called Strike 3-1: Fly out, F9 (Line Drive, 9D, EV 85.0 MPH)
|
Bottom of the 6th over - 0 runs, 1 hit, 0 errors, 1 left on base; Fort de France 0 - Puerto Barrios 0 |
TOP OF THE 7TH |
Fort de France Carnivals batting - Pitching for Puerto Barrios Generals : RHP Tim Burke
|
Batting: LHB Omar Guerrero
|
0-0: Called Strike 0-1: Called Strike 0-2: Ball 1-2: Ball 2-2: Foul Ball, location: 2F 2-2: Ball 3-2: Foul Ball, location: 2F 3-2: Ground out U3 (Groundball, 3, EV 91.9 MPH)
|
Batting: RHB Dave Stenhouse
|
0-0: Ball 1-0: Called Strike 1-1: Foul Ball, location: 2F 1-2: Ground out 6-3 (Groundball, 6, EV 78.1 MPH)
|
Batting: LHB Steve Sbragia
|
0-0: Fly out, F4 (Line Drive, 4, EV 75.0 MPH)
|
Top of the 7th over - 0 runs, 0 hits, 0 errors, 0 left on base; Fort de France 0 - Puerto Barrios 0 |
BOTTOM OF THE 7TH |
Puerto Barrios Generals batting - Pitching for Fort de France Carnivals : LHP Frank DiPino
|
Batting: LHB Ty Gainey
|
0-0: Ball 1-0: Called Strike 1-1: Ball 2-1: Ball 3-1: Foul Ball, location: 2F 3-2: Foul Ball, location: 2F 3-2: Foul Ball, location: 2F 3-2: Fly out, F7 (Line Drive, 7, EV 91.3 MPH)
|
Batting: LHB Randy Bush
|
0-0: Ball 1-0: Called Strike 1-1: DOUBLE (Groundball, 3L, EV 108.1 MPH)
|
Batting: RHB Mike Diaz
|
0-0: Intentional Walk
|
Batting: LHB Pedro Rabassa
|
0-0: Ball 1-0: Foul Ball, location: 2F 1-1: Foul Ball, location: 2F 1-2: Foul Ball, location: 2F 1-2: Fly out, F3 (Popup, 23F, EV 85.0 MPH)
|
Batting: SHB Doug Baker
|
0-0: Called Strike 0-1: Fly out, F7 (Flyball, 7, EV 95.0 MPH)
|
Bottom of the 7th over - 0 runs, 1 hit, 0 errors, 2 left on base; Fort de France 0 - Puerto Barrios 0 |
TOP OF THE 8TH |
Fort de France Carnivals batting - Pitching for Puerto Barrios Generals : RHP Tim Burke
|
Batting: LHB Mike McCain
|
0-0: Ball 1-0: Ball 2-0: Foul Ball, location: 2F 2-1: SOLO HOME RUN (Flyball, 9D, EV 105.6 MPH), Distance : 391 ft
|
Batting: RHB Julio Collazo
|
0-0: Foul Ball, location: 2F 0-1: Ball 1-1: Swinging Strike 1-2: Foul Ball, location: 2F 1-2: Fly out, F3 (Popup, 34, EV 68.8 MPH)
|
Batting: RHB Mario Diaz
|
0-0: Ball 1-0: Ground out 5-3 (Groundball, 56, EV 100.6 MPH)
|
Batting: SHB Gary Pettis
|
0-0: Ground out 4-3 (Groundball, 4, EV 85.0 MPH)
|
Top of the 8th over - 1 run, 1 hit, 0 errors, 0 left on base; Fort de France 1 - Puerto Barrios 0 |
BOTTOM OF THE 8TH |
Puerto Barrios Generals batting - Pitching for Fort de France Carnivals : LHP Frank DiPino
|
Batting: RHB Mark Sproesser
|
0-0: Ball 1-0: Called Strike 1-1: Foul Ball, location: 2F 1-2: Fly out, F4 (Line Drive, 4, EV 63.8 MPH)
|
Batting: LHB Alex Mata
|
0-0: Called Strike 0-1: Foul Ball, location: 2F 0-2: Ball 1-2: Foul Ball, location: 2F 1-2: Strikes out swinging
|
Batting: SHB Vince Coleman
|
0-0: Called Strike 0-1: Foul Ball, location: 2F 0-2: Ball 1-2: Ball 2-2: Foul Ball, location: 2F 2-2: Foul Ball, location: 2F 2-2: Foul Ball, location: 2F 2-2: Fly out, F2 (Popup, 2RF, EV 96.9 MPH)
|
Bottom of the 8th over - 0 runs, 0 hits, 0 errors, 0 left on base; Fort de France 1 - Puerto Barrios 0 |
TOP OF THE 9TH |
Fort de France Carnivals batting - Pitching for Puerto Barrios Generals : RHP Tim Burke
|
Batting: RHB Eddie Vargas
|
0-0: Ball 1-0: Foul Ball, location: 2F 1-1: Foul Ball, location: 2F 1-2: Foul Ball, location: 2F 1-2: Foul Ball, location: 2F 1-2: Foul Ball, location: 2F 1-2: Strikes out looking
|
Batting: RHB Ramiro Gutierrez
|
0-0: Fly out, F4 (Line Drive, 4, EV 75.6 MPH)
|
Batting: LHB Omar Guerrero
|
0-0: Ball 1-0: Ball 2-0: Foul Ball, location: 2F 2-1: Ball 3-1: Foul Ball, location: 2F 3-2: Foul Ball, location: 2F 3-2: Strikes out swinging
|
Top of the 9th over - 0 runs, 0 hits, 0 errors, 0 left on base; Fort de France 1 - Puerto Barrios 0 |
BOTTOM OF THE 9TH |
Puerto Barrios Generals batting - Pitching for Fort de France Carnivals : LHP Frank DiPino
|
Batting: LHB Andy Guerrero
|
0-0: Ball 1-0: Ball 2-0: Called Strike 2-1: Ball 3-1: Foul Ball, location: 2F 3-2: Base on Balls
|
Batting: LHB Ty Gainey
|
0-0: Called Strike 0-1: Ball 1-1: Foul Ball, location: 2F 1-2: Strikes out swinging
|
Batting: LHB Randy Bush
|
0-0: Foul Ball, location: 2F 0-1: Ball 1-1: Foul Ball, location: 2F 1-2: Foul Ball, location: 2F 1-2: Ball 2-2: Fly out, F8 (Flyball, 8LM, EV 88.8 MPH)
|
Batting: RHB Mike Diaz
|
0-0: Ball 1-0: Ball 2-0: Called Strike 2-1: Swinging Strike 2-2: Fly out, F8 (Flyball, 8LD, EV 87.5 MPH)
|
Bottom of the 9th over - 0 runs, 0 hits, 0 errors, 1 left on base; Fort de France 1 - Puerto Barrios 0 |
|